| TOP OF THE 1ST |
|
Lansing Lugnuts batting - Pitching for Hickory Crawdads : RHP Alexander Neustroev
|
|
Pitching: RHP Alexander Neustroev
|
|
|
Batting: RHB Scott Travis
|
0-0: Ball 1-0: Called Strike 1-1: Ball 2-1: Ball 3-1: Foul Ball, location: 2F 3-2: Ground out 1-3 (Groundball, 13S, EV 68.1 MPH)
|
|
Batting: LHB Frank Nelson
|
0-0: SOLO HOME RUN (Flyball, 7LD, EV 96.9 MPH), Distance : 377 ft
|
|
Batting: RHB Raul de la Cruz
|
0-0: Ball 1-0: Ball 2-0: Ball 3-0: Called Strike 3-1: Base on Balls
|
|
Batting: RHB John Michener
|
0-0: Ball Raul de la Cruz steals 2nd base 1-0: Ball 2-0: Ground out 6-3 (Groundball, 6, EV 91.2 MPH) Raul de la Cruz to third
|
|
Batting: RHB John Hering
|
0-0: Called Strike 0-1: Ball 1-1: Ball 2-1: Foul Ball, location: 2F 2-2: SINGLE (Groundball, 56D, EV 94.4 MPH) Raul de la Cruz scores
|
|
Batting: SHB Gregg Whitecotton
|
0-0: Called Strike 0-1: Ground out U3 (Groundball, 3S, EV 66.2 MPH)
|
| Top of the 1st over - 2 runs, 2 hits, 0 errors, 1 left on base; Lansing 2 - Hickory 0 |
| BOTTOM OF THE 1ST |
|
Hickory Crawdads batting - Pitching for Lansing Lugnuts : LHP Sam Mathena
|
|
Pitching: LHP Sam Mathena
|
|
|
Batting: RHB Ron Corn
|
0-0: Fly out, F7 (Flyball, 7LM, EV 91.2 MPH)
|
|
Batting: LHB Brian Gray
|
0-0: Called Strike 0-1: Ball 1-1: Ball 2-1: Ball 3-1: Base on Balls
|
|
Batting: RHB Andrew Clarke
|
0-0: Ball 1-0: Called Strike 1-1: Foul Ball, location: 2F 1-2: Foul Ball, location: 2F 1-2: Strikes out looking
|
|
Batting: RHB Matthew Starr
|
0-0: Foul Ball, location: 2F 0-1: Foul Ball, location: 2F 0-2: Foul Ball, location: 2F 0-2: Foul Ball, location: 2F 0-2: Ball Brian Gray is caught stealing 2nd base 2-4
|
| Bottom of the 1st over - 0 runs, 0 hits, 0 errors, 0 left on base; Lansing 2 - Hickory 0 |
| TOP OF THE 2ND |
|
Lansing Lugnuts batting - Pitching for Hickory Crawdads : RHP Alexander Neustroev
|
|
Batting: RHB Dylan Phillips
|
0-0: Foul Ball, location: 2F 0-1: SINGLE (Flyball, 3D, EV 86.9 MPH)
|
|
Batting: LHB Julio Canseco
|
0-0: Swinging Strike 0-1: Ball 1-1: Called Strike Dylan Phillips steals 2nd, throwing error, E2 Dylan Phillips to third 1-2: 2-RUN HOME RUN (Line Drive, 9LD, EV 96.9 MPH), Distance : 347 ft
|
|
Batting: RHB Shunsuke Shiba Inu
|
0-0: Called Strike 0-1: Swinging Strike 0-2: Strikes out looking
|
|
Batting: RHB Scott Travis
|
0-0: Ball 1-0: Called Strike 1-1: Fly out, F8 (Flyball, 8RD, EV 101.9 MPH)
|
|
Batting: LHB Frank Nelson
|
0-0: Called Strike 0-1: Foul Ball, location: 2F 0-2: Strikes out swinging
|
| Top of the 2nd over - 2 runs, 2 hits, 1 error, 0 left on base; Lansing 4 - Hickory 0 |
| BOTTOM OF THE 2ND |
|
Hickory Crawdads batting - Pitching for Lansing Lugnuts : LHP Sam Mathena
|
|
Batting: RHB Matthew Starr
|
0-0: Ball 1-0: Called Strike 1-1: Ball 2-1: Foul Ball, location: 2F 2-2: Ball 3-2: Base on Balls
|
|
Batting: RHB Jarrod Joyce
|
0-0: Ball 1-0: Ball 2-0: Fly out, F8 (Flyball, 8RXD, EV 76.2 MPH)
|
|
Batting: RHB Salvador Caldera
|
0-0: Called Strike 0-1: Called Strike 0-2: DOUBLE (Groundball, 5L, EV 97.5 MPH) Matthew Starr to third Runner from 3rd tries for Home, SAFE, no throw by LF
|
|
Batting: SHB Todd Hewitt
|
0-0: Ball 1-0: DOUBLE (Line Drive, 3D, EV 101.9 MPH) Salvador Caldera scores
|
|
Batting: RHB Johannes Gutermuth
|
0-0: Swinging Strike 0-1: Ball 1-1: Fly out, F9 (Line Drive, 89M, EV 90.0 MPH)
|
|
Batting: LHB Lee Gerken
|
0-0: Called Strike 0-1: Ball 1-1: Ball 2-1: Ball 3-1: Ground out 6-3 (Groundball, 6, EV 91.2 MPH)
|
| Bottom of the 2nd over - 2 runs, 2 hits, 0 errors, 1 left on base; Lansing 4 - Hickory 2 |
| TOP OF THE 3RD |
|
Lansing Lugnuts batting - Pitching for Hickory Crawdads : RHP Alexander Neustroev
|
|
Batting: RHB Raul de la Cruz
|
0-0: Ground out 6-3 (Groundball, 6, EV 85.0 MPH)
|
|
Batting: RHB John Michener
|
0-0: Ball 1-0: Foul Ball, location: 2F 1-1: Foul Ball, location: 2F 1-2: SINGLE (Groundball, 25, EV 68.8 MPH) (infield hit)
|
|
Batting: RHB John Hering
|
0-0: Foul Ball, location: 2F 0-1: Fly out, F9 (Flyball, 9D, EV 89.4 MPH)
|
|
Batting: SHB Gregg Whitecotton
|
0-0: Ball 1-0: Called Strike 1-1: Ground out 4-3 (Groundball, 4M, EV 102.5 MPH)
|
| Top of the 3rd over - 0 runs, 1 hit, 0 errors, 1 left on base; Lansing 4 - Hickory 2 |
| BOTTOM OF THE 3RD |
|
Hickory Crawdads batting - Pitching for Lansing Lugnuts : LHP Sam Mathena
|
|
Batting: RHB Ron Corn
|
0-0: Called Strike 0-1: Ground out 4-3 (Groundball, 4, EV 86.9 MPH)
|
|
Batting: LHB Brian Gray
|
0-0: Ball 1-0: Foul Ball, location: 2F 1-1: SINGLE (Groundball, 5D, EV 103.8 MPH)
|
|
Batting: RHB Andrew Clarke
|
0-0: Ball 1-0: Called Strike 1-1: Foul Ball, location: 2F 1-2: Fly out, F8 (Flyball, 8LS, EV 96.2 MPH)
|
|
Batting: RHB Matthew Starr
|
0-0: Called Strike Brian Gray steals 2nd, throwing error, E2 Brian Gray to third 0-1: Called Strike 0-2: Ball 1-2: Foul Ball, location: 2F 1-2: Ball Wild Pitch! Brian Gray scores 2-2: Ball 3-2: Foul Ball, location: 2F 3-2: Fly out, F9 (Flyball, 89S, EV 81.2 MPH)
|
| Bottom of the 3rd over - 1 run, 1 hit, 1 error, 0 left on base; Lansing 4 - Hickory 3 |
| TOP OF THE 4TH |
|
Lansing Lugnuts batting - Pitching for Hickory Crawdads : RHP Alexander Neustroev
|
|
Batting: RHB Dylan Phillips
|
0-0: Called Strike 0-1: Ball 1-1: Ground out U3 (Groundball, 3, EV 86.9 MPH)
|
|
Batting: LHB Julio Canseco
|
0-0: Swinging Strike 0-1: Ball 1-1: Called Strike 1-2: Ball 2-2: Foul Ball, location: 2F 2-2: Foul Ball, location: 2F 2-2: Strikes out swinging
|
|
Batting: RHB Shunsuke Shiba Inu
|
0-0: Ball 1-0: Ground out 5-3 (Groundball, 56S, EV 62.5 MPH)
|
| Top of the 4th over - 0 runs, 0 hits, 0 errors, 0 left on base; Lansing 4 - Hickory 3 |
| BOTTOM OF THE 4TH |
|
Hickory Crawdads batting - Pitching for Lansing Lugnuts : LHP Sam Mathena
|
|
Batting: RHB Jarrod Joyce
|
0-0: Called Strike 0-1: Ball 1-1: Ball 2-1: DOUBLE (Groundball, 5L, EV 95.0 MPH)
|
|
Batting: RHB Salvador Caldera
|
0-0: Called Strike 0-1: Foul Ball, location: 2F 0-2: Strikes out looking
|
|
Batting: SHB Todd Hewitt
|
0-0: Ball 1-0: Called Strike 1-1: Called Strike 1-2: Strikes out swinging
|
|
Batting: RHB Johannes Gutermuth
|
0-0: Ball 1-0: Swinging Strike 1-1: Ball 2-1: Foul Ball, location: 2F 2-2: Foul Ball, location: 2F 2-2: Ball 3-2: Strikes out looking
|
| Bottom of the 4th over - 0 runs, 1 hit, 0 errors, 1 left on base; Lansing 4 - Hickory 3 |
| TOP OF THE 5TH |
|
Lansing Lugnuts batting - Pitching for Hickory Crawdads : RHP Alexander Neustroev
|
|
Batting: RHB Scott Travis
|
0-0: Called Strike 0-1: Called Strike 0-2: Ball 1-2: Ball 2-2: Foul Ball, location: 2F 2-2: Ball 3-2: Strikes out swinging
|
|
Batting: LHB Frank Nelson
|
0-0: Called Strike 0-1: Foul Ball, location: 2F 0-2: Strikes out swinging
|
|
Batting: RHB Raul de la Cruz
|
0-0: Called Strike 0-1: Swinging Strike 0-2: Foul Ball, location: 2F 0-2: Ball 1-2: Ball 2-2: Ground out 4-3 (Groundball, 4D, EV 106.2 MPH)
|
| Top of the 5th over - 0 runs, 0 hits, 0 errors, 0 left on base; Lansing 4 - Hickory 3 |
| BOTTOM OF THE 5TH |
|
Hickory Crawdads batting - Pitching for Lansing Lugnuts : LHP Sam Mathena
|
|
Batting: LHB Lee Gerken
|
0-0: Ball 1-0: Ball 2-0: SINGLE (Flyball, 89S, EV 93.8 MPH)
|
|
Batting: RHB Ron Corn
|
0-0: Ball 1-0: Ball 2-0: Called Strike 2-1: Ball 3-1: Base on Balls Lee Gerken to second
|
|
Batting: LHB Brian Gray
|
0-0: Called Strike 0-1: Foul Ball, location: 2F 0-2: Ball 1-2: Strikes out swinging
|
|
Batting: RHB Andrew Clarke
|
0-0: Swinging Strike 0-1: Foul Ball, location: 2F 0-2: Ball 1-2: Strikes out swinging
|
|
Batting: RHB Matthew Starr
|
0-0: Ground out U3 (Groundball, 3S, EV 91.9 MPH)
|
| Bottom of the 5th over - 0 runs, 1 hit, 0 errors, 2 left on base; Lansing 4 - Hickory 3 |
| TOP OF THE 6TH |
|
Lansing Lugnuts batting - Pitching for Hickory Crawdads : RHP Alexander Neustroev
|
|
Batting: RHB John Michener
|
0-0: Swinging Strike 0-1: Fly out, F8 (Flyball, 8LD, EV 96.2 MPH)
|
|
Batting: RHB John Hering
|
0-0: Ball 1-0: Ground out 4-3 (Groundball, 4, EV 89.4 MPH)
|
|
Batting: SHB Gregg Whitecotton
|
0-0: Swinging Strike 0-1: Called Strike 0-2: Strikes out swinging
|
| Top of the 6th over - 0 runs, 0 hits, 0 errors, 0 left on base; Lansing 4 - Hickory 3 |
| BOTTOM OF THE 6TH |
|
Hickory Crawdads batting - Pitching for Lansing Lugnuts : LHP Sam Mathena
|
|
Batting: RHB Jarrod Joyce
|
0-0: Ball 1-0: Foul Ball, location: 2F 1-1: Foul Ball, location: 2F 1-2: Foul Ball, location: 2F 1-2: Strikes out looking
|
|
Batting: RHB Salvador Caldera
|
0-0: Foul Ball, location: 2F 0-1: Ball 1-1: Foul Ball, location: 2F 1-2: Foul Ball, location: 2F 1-2: Fly out, F8 (Flyball, 8RM, EV 90.0 MPH)
|
|
Batting: SHB Todd Hewitt
|
0-0: Ball 1-0: Ground out 4-3 (Groundball, 4, EV 107.5 MPH)
|
| Bottom of the 6th over - 0 runs, 0 hits, 0 errors, 0 left on base; Lansing 4 - Hickory 3 |
| TOP OF THE 7TH |
|
Lansing Lugnuts batting - Pitching for Hickory Crawdads : RHP Alexander Neustroev
|
|
Batting: RHB Dylan Phillips
|
0-0: Ball 1-0: Foul Ball, location: 2F 1-1: Ball 2-1: Swinging Strike 2-2: Strikes out swinging
|
|
Batting: LHB Julio Canseco
|
0-0: DOUBLE (Line Drive, 89D, EV 114.4 MPH)
|
|
Batting: RHB Shunsuke Shiba Inu
|
0-0: Called Strike 0-1: Ball 1-1: Ball Wild Pitch! Julio Canseco to third 2-1: SINGLE (Groundball, 6, EV 102.5 MPH) (infield hit) Julio Canseco scores
|
|
Pitching: RHP Errol Dondale
|
|
|
Batting: RHB Scott Travis
|
0-0: Ball 1-0: Swinging Strike 1-1: Foul Ball, location: 2F 1-2: Foul Ball, location: 2F 1-2: Ball 2-2: Fly out, F8 (Flyball, 8LXD, EV 108.8 MPH)
|
|
Batting: LHB Frank Nelson
|
0-0: Ball 1-0: Swinging Strike 1-1: Ball 2-1: Foul Ball, location: 2F 2-2: Foul Ball, location: 2F 2-2: Strikes out swinging
|
| Top of the 7th over - 1 run, 2 hits, 0 errors, 1 left on base; Lansing 5 - Hickory 3 |
| BOTTOM OF THE 7TH |
|
Hickory Crawdads batting - Pitching for Lansing Lugnuts : LHP Sam Mathena
|
|
Now at 2B: Dylan Phillips
|
|
|
Now at 3B: Roger Escareno
|
|
|
Batting: RHB Johannes Gutermuth
|
0-0: Ground out 1-3 (Groundball, 34S, EV 67.5 MPH)
|
|
Batting: LHB Lee Gerken
|
0-0: Ball 1-0: Called Strike 1-1: Ball 2-1: SINGLE (Groundball, 4MD, EV 104.4 MPH)
|
|
Batting: RHB Ron Corn
|
0-0: Ball 1-0: Foul Ball, location: 2F 1-1: Ball 2-1: SINGLE (Groundball, 34S, EV 86.2 MPH) (infield hit) Lee Gerken to second
|
|
Pitching: RHP Bill Couch
|
|
|
Batting: LHB Brian Gray
|
0-0: Ball 1-0: Foul Ball, location: 2F 1-1: Called Strike 1-2: Strikes out looking
|
|
Pinch Hitting: LHB Tim Olsen
|
0-0: Called Strike 0-1: Foul Ball, location: 2F 0-2: Ball 1-2: Ball 2-2: Foul Ball, location: 2F 2-2: Ball 3-2: Foul Ball, location: 2F 3-2: Ground out 5-3 (Groundball, 25, EV 82.5 MPH)
|
| Bottom of the 7th over - 0 runs, 2 hits, 0 errors, 2 left on base; Lansing 5 - Hickory 3 |
| TOP OF THE 8TH |
|
Lansing Lugnuts batting - Pitching for Hickory Crawdads : RHP Errol Dondale
|
|
Now at 2B: Jarrod Joyce
|
|
|
Now at SS: Zach Koblinski
|
|
|
Batting: RHB Raul de la Cruz
|
0-0: Swinging Strike 0-1: Called Strike 0-2: Ball 1-2: Ground out U3 (Groundball, 34, EV 84.4 MPH)
|
|
Batting: RHB John Michener
|
0-0: Called Strike 0-1: Swinging Strike 0-2: Ball 1-2: Foul Ball, location: 2F 1-2: Strikes out looking
|
|
Batting: RHB John Hering
|
0-0: Ball 1-0: Foul Ball, location: 2F 1-1: Ground out 4-3 (Groundball, 4, EV 104.4 MPH)
|
| Top of the 8th over - 0 runs, 0 hits, 0 errors, 0 left on base; Lansing 5 - Hickory 3 |
| BOTTOM OF THE 8TH |
|
Hickory Crawdads batting - Pitching for Lansing Lugnuts : RHP Bill Couch
|
|
Pitching: RHP Steve Schultz
|
|
|
Batting: RHB Matthew Starr
|
0-0: Ball 1-0: Foul Ball, location: 2F 1-1: Foul Ball, location: 2F 1-2: DOUBLE (Line Drive, 9LD, EV 104.4 MPH)
|
|
Pinch Hitting: SHB Quido van Erp
|
0-0: Ball 1-0: Foul Ball, location: 2F 1-1: Foul Ball, location: 2F 1-2: Ball 2-2: Ball 3-2: Fly out, F9 (Flyball, 9, EV 82.5 MPH)
|
|
Batting: RHB Salvador Caldera
|
0-0: Ball 1-0: Ball 2-0: Ground out 3-1 (Groundball, 34, EV 86.9 MPH) Matthew Starr to third
|
|
Batting: SHB Todd Hewitt
|
0-0: Ball 1-0: Called Strike 1-1: Called Strike 1-2: Strikes out looking
|
| Bottom of the 8th over - 0 runs, 1 hit, 0 errors, 1 left on base; Lansing 5 - Hickory 3 |
| TOP OF THE 9TH |
|
Lansing Lugnuts batting - Pitching for Hickory Crawdads : RHP Errol Dondale
|
|
Pitching: RHP Jim Ruleman
|
|
|
Now at 2B: Quido van Erp
|
|
|
Batting: SHB Gregg Whitecotton
|
0-0: Called Strike 0-1: Ball 1-1: Ball 2-1: Ball 3-1: Foul Ball, location: 2F 3-2: Strikes out swinging, 2-3 out at first.
|
|
Batting: RHB Dylan Phillips
|
0-0: SINGLE (Groundball, 6MD, EV 100.6 MPH)
|
|
Batting: LHB Julio Canseco
|
0-0: Swinging Strike 0-1: Ball 1-1: Called Strike 1-2: Strikes out swinging
|
|
Batting: LHB Roger Escareno
|
0-0: Called Strike 0-1: Ball 1-1: Ball 2-1: Foul Ball, location: 2F 2-2: Fly out, F9 (Flyball, 9D, EV 81.9 MPH)
|
| Top of the 9th over - 0 runs, 1 hit, 0 errors, 1 left on base; Lansing 5 - Hickory 3 |
| BOTTOM OF THE 9TH |
|
Hickory Crawdads batting - Pitching for Lansing Lugnuts : RHP Steve Schultz
|
|
Pitching: LHP Nick Burnstein
|
|
|
Batting: RHB Johannes Gutermuth
|
0-0: Ball 1-0: Called Strike 1-1: Ball 2-1: Foul Ball, location: 2F 2-2: Ball 3-2: Ground out 1-3 (Groundball, 15S, EV 71.9 MPH)
|
|
Pinch Hitting: RHB Jorge Benites
|
0-0: Ball 1-0: Foul Ball, location: 2F 1-1: Ball 2-1: Ground out 6-3 (Groundball, 6S, EV 80.6 MPH)
|
|
Batting: RHB Ron Corn
|
0-0: Called Strike 0-1: Swinging Strike 0-2: Strikes out looking
|
| Bottom of the 9th over - 0 runs, 0 hits, 0 errors, 0 left on base; Lansing 5 - Hickory 3 |
|